AoeStats
← Uchia Itachi

Arabia

504524522Analyzed
1v1 RM · 27d ago on Sep 5, 2026· 54m 22s· 2 players
Game mode
Random Map
Map size
Tiny (2 player)
Population
200
Speed
Normal
Resources
Standard
Victory
Conquest
Starting age
Dark Age
Ending age
Imperial Age
RankedLock teamsTeams togetherTeam positionsShared explorationLock speedFull tech treeHidden civsTurbo modeCheats
Victory
Defeat
🇺🇸 Britons · United States
272
+16
🇩🇪 Franks · Germany
282
-16
Uchia Itachi
6:00 Loom
12:33 Feudal Age
13:00 Horse Collar
13:09 Double-Bit Axe
16:02 Wheelbarrow
17:45 Gold Mining
17:49 Stone Mining
20:17 Fletching
24:25 Castle Age
23:17 Forging
25:38 Heavy Plow
25:55 Bow Saw
25:12 Pikeman
28:07 Iron Casting
28:30 Gold Shaft Mining
28:26 Light Cavalry
32:16 Hand Cart
32:20 Padded Archer Armor
32:22 Scale Mail Armor
34:45 Yeomen
34:54 Ballistics
34:34 Bodkin Arrow
34:56 Leather Archer Armor
36:05 Light Cavalry
39:26 Imperial Age
39:32 Elite Longbowman
40:30 Bracer
41:32 Blast Furnace
40:48 Chain Mail Armor
44:45 Halberdier
arONE3585
13:43 Feudal Age
16:39 Loom
20:51 Castle Age
18:45 Gold Mining
18:42 Double-Bit Axe
20:48 Wheelbarrow
22:54 Gold Shaft Mining
22:09 Stone Mining
22:43 Town Watch
23:40 Forging
23:30 Scale Mail Armor
26:40 Bow Saw
28:06 Light Cavalry
28:47 Husbandry
30:21 Iron Casting
30:01 Chain Mail Armor
29:51 Scale Barding Armor
30:37 Hand Cart
32:34 Chain Mail Armor
32:24 Scale Barding Armor
32:34 Town Patrol
35:36 Chain Barding Armor
35:08 Fletching
35:18 Padded Archer Armor
35:27 Crossbowman
41:13 Imperial Age
42:05 #83
43:28 Blast Furnace
42:58 Plate Mail Armor
43:03 Plate Barding Armor
42:45 Leather Archer Armor
42:25 Bodkin Arrow
43:14 Elite Throwing Axeman
44:29 Hoardings
45:17 Cavalier
47:43 Paladin
48:23 Bodkin Arrow
53:25 Elite Skirmisher
Connection lost

Rejoining the realm…

Still unreachable

The connection could not be restored.

Session expired

The server has moved on; the page needs a fresh start.